 Dungeon Crawl Stone Soup version 0.21-a0-171-g0f4a3b6 (webtiles) character file.

385 seren the Insei (level 6, 0/39 HPs)
             Began as an Octopode Transmuter on Aug 7, 2017.
             Slain by an ogre
             ... wielding a +0 giant club
              (26 damage)
             ... on level 5 of the Dungeon.
             The game lasted 00:21:09 (5864 turns).

seren the Insei (Octopode Transmuter)               Turns: 5864, Time: 00:21:10

Health: 0/39       AC:  1    Str: 10    XL:     6   Next: 77%
Magic:  9/9        EV: 14    Int: 17    God:
Gold:   275        SH:  0    Dex: 12    Spells: 3/9 levels left

rFire    + . .     SeeInvis +     - Unarmed
rCold    . . .     Gourm    .   (no shield)
rNeg     . . .     Faith    .   (helmet restricted)
rPois    .         Spirit   .   u - amulet of magic regeneration
rElec    .         Reflect  .   e - ring of protection from fire
rCorr    .         Harm     .   o - ring of see invisible
MR       .....                  (no ring)
Stlth    +++.......             (no ring)
HPRegen  0.13/turn              (no ring)
MPRegen  0.36/turn              (no ring)
                                (no ring)
                                (no ring)

@: appendage (expiring)
A: almost no armour, stealthy swim, amphibious, 8 rings, constrict 8, tentacle
spike 3, camouflage 1, gelatinous body 1
a: End Transformation


You were on level 5 of the Dungeon.
You were not hungry.
One of your tentacles had a temporary spike.
You visited 1 branch of the dungeon, and saw 6 of its levels.

You collected 305 gold pieces.
You spent 30 gold pieces at shops.

Inventory:

Hand Weapons
 b - a +0 hunting sling
 q - a +0 blowgun
 t - a +0 dagger of electrocution
Missiles
 a - 72 arrows
 i - 143 stones (quivered)
 j - 39 sling bullets
Armour
 f - a +0 large shield
Jewellery
 e - a ring of protection from fire (left tentacle)
 o - a ring of see invisible (right tentacle)
 u - an amulet of magic regeneration (around mantle)
Wands
 s - a wand of enslavement (19/24)
Scrolls
 n - 2 scrolls of blinking {!r}
 w - a scroll of random uselessness {unknown}
Potions
 d - 3 potions of curing
 g - a potion of berserk rage
 k - a potion of agility {unknown}
 l - a potion of heal wounds {unknown}
 p - a potion of mutation {unknown}
 r - a potion of might {unknown}
 v - a potion of degeneration {unknown}
Books
 h - a book of Changes

   Spells                             Type                      Level
   a - Beastly Appendage              Transmutation                1
   b - Sticks to Snakes               Transmutation                2
   c - Spider Form                    Transmutation/Poison         3
   d - Ice Form                       Ice/Transmutation            4
   e - Blade Hands                    Transmutation                5
Comestibles
 c - 2 bread rations
 m - 2 royal jellies
 x - a chunk of flesh


   Skills:
 + Level 2.2 Fighting
 * Level 3.2 Dodging
 - Level 4.1 Stealth
 + Level 4.4 Unarmed Combat
 - Level 2.0 Spellcasting
 + Level 3.5 Transmutations
 - Level 2.0 Poison Magic


You had 3 spell levels left.
You knew the following spells:

 Your Spells              Type           Power        Failure   Level  Hunger
a - Beastly Appendage     Tmut           ##....       4%          1    #......
b - Sticks to Snakes      Tmut           ##......     7%          2    ###....
s - Spider Form           Tmut/Pois      ##........   19%         3    ###....


Dungeon Overview and Level Annotations

Branches:
Dungeon (6/15)
 Temple: D:4-7

Altars:
Cheibriados
Hepliaklqana

Shops:
D:5 *

Annotations:
D:4 exclusion: phantom, namelastname112's ghost, amateur DrWn
D:5 exclusions: ice beast and sky beast


Innate Abilities, Weirdness & Mutations

You cannot wear most types of armour.
You are very stealthy in the water. (Stealth+)
You are amphibious.
You can wear up to eight rings at the same time.
You can use your tentacles to constrict eight enemies at once.
Your skin changes colour to match your surroundings (Stealth+).
Your rubbery body absorbs attacks. (AC +1, EV +1)
One of your tentacles bears a large vicious spike.


Message History

The ogre is lightly wounded.
The ogre barely misses you.
You tentacle-slap the ogre.
You pierce the ogre.
The ogre is heavily wounded.
The ogre hits you with a giant club!
* * * LOW HITPOINT WARNING * * *
You tentacle-slap the ogre.
Your tentacle spike misses the ogre.
The ogre is heavily wounded.
The ogre closely misses you.
You barely miss the ogre.
You pierce the ogre, but do no damage.
The ogre is heavily wounded.
You tentacle-slap the ogre.
The ogre is heavily wounded.
The ogre misses you.
You tentacle-slap the ogre. You squeeze the ogre.
The ogre is severely wounded.
Your transformation is almost over.
The ogre hits you with a giant club!!
Ouch! That really hurt!
You die...

#.........######################
...............................#
...........................#+#.#
(..........................+∩'.#
............%..............#'###
.....O.......................#
............................##
..................).........#
........).......@############
................O#
.................#
.................#
.................#
.######......##### ## #......#
#......#


You could see an ogre.

Vanquished Creatures
  A howler monkey (D:2)
  A bullfrog zombie (D:5)
  2 orc wizards
  An iguana (D:4)
  A worker ant (D:4)
  A hound zombie (D:5)
  A hound skeleton (D:4)
  4 adders
  2 oozes (D:4)
  3 worms
  4 dart slugs
  3 leopard geckos
  15 orcs
  A ball python (D:3)
  8 bats
  4 giant cockroaches
  8 goblins
  13 hobgoblins
  4 jackals (D:3)
  2 quokkas (D:4)
  12 frilled lizards
  10 kobolds
  5 rats
106 creatures vanquished.

Notes
Turn   | Place    | Note
-------+----------+-------------------------------------------
     0 | D:1      | seren the Octopode Transmuter began the quest for the Orb.
     0 | D:1      | Reached XP level 1. HP: 13/13 MP: 3/3
   139 | D:1      | Reached skill level 1 in Stealth
   221 | D:1      | Reached XP level 2. HP: 18/18 MP: 5/5
  1006 | D:2      | Reached XP level 3. HP: 23/23 MP: 6/6
  1049 | D:1      | Learned a level 2 spell: Sticks to Snakes
  1053 | D:1      | Learned a level 3 spell: Spider Form
  1794 | D:2      | Reached XP level 4. HP: 22/28 MP: 7/7
  2248 | D:3      | Reached skill level 1 in Poison Magic
  2248 | D:3      | Reached XP level 5. HP: 21/33 MP: 8/8
  2777 | D:3      | Found a snail-covered altar of Cheibriados.
  3814 | D:4      | Noticed namelastname112's ghost (amateur DrWn)
  4140 | D:4      | Noticed an ogre
  4146 | D:4      | Reached XP level 6. HP: 28/39 MP: 9/9
  4348 | D:4      | HP: 1/39 [iguana (14)]
  4871 | D:4      | Noticed a phantom
  4974 | D:5      | Entered Level 5 of the Dungeon
  4985 | D:5      | Noticed a sky beast
  4985 | D:5      | Noticed an ice beast
  5126 | D:6      | Found a hazy altar of Hepliaklqana.
  5834 | D:5      | Found Gufoqod's General Store.
  5837 | D:5      | Bought a scroll of identify for 30 gold pieces
  5864 | D:5      | Slain by an ogre

Vault maps used:
D:1:      lemuel_arrival_broad_hall
D:3:      cheibriados_altar_1, cheibrodos_sewer_entry_bend, first_bread
D:5:      serial_shops, nicolae_shop_behind_doors
D:6:      nicolae_qazlal_general_emergency, overflow_temple_1_default,
          lemuel_doored_altar, enter_ossuary_5

Skill      XL: |  1  2  3  4  5  6 |
---------------+-------------------+-----
Stealth        | 1 2 3 4 |  4.1
Poison Magic   | 1 2 |  2.0
Transmutations | 3 |  3.5
Unarmed Combat | 4 |  4.4
Fighting       | 2 |  2.2
Dodging        | 3 |  3.2
Spellcasting   | |  2.0

Action                   |  1- 3 |  4- 6 || total
-------------------------+-------+-------++-------
Melee: Unarmed           |   101 |   232 ||   333
       Constrict         |    20 |    46 ||    66
       Tentacles         |    13 |    34 ||    47
       Punch             |       |     7 ||     7
       Kick              |       |    10 ||    10
 Fire: Hunting sling     |       |     4 ||     4
 Cast: Beastly Appendage |       |     5 ||     5
  Use: Scroll            |     1 |     6 ||     7
       Potion            |       |     1 ||     1
 Stab: Sleeping          |    11 |     6 ||    17
       Distracted        |       |     1 ||     1
  Eat: Chunk             |     3 |    13 ||    16
Armor: Skin              |     6 |    10 ||    16
Dodge: Dodged            |    52 |   142 ||   194
